 Dungeon Sprint DCSS version 0.18-a0-1323-g706dcef (webtiles) character file.

111 Kidiri the Insei (level 4, 27/38 HPs)
             Began as a Draconian Transmuter on Feb 15, 2016.
             Was an Initiate of Sif Muna.
             Starved to death
             ... in the Dungeon (Sprint VII: "The Pits").
             The game lasted 00:04:00 (559 turns).

Kidiri the Insei (Draconian Transmuter)              Turns: 559, Time: 00:04:00

Health: 27/38      AC:  5    Str: 12    XL:     4   Next: 62%
Magic:  8/9        EV: 13    Int: 14    God:    Sif Muna [......]
Gold:   0          SH:  0    Dex: 12    Spells: 1 memorised, 9 levels left

rFire  . . .     SeeInvis .       - Unarmed
rCold  . . .     Gourm    .     (armour unavailable)
rNeg   . . .     Faith    .     (no shield)
rPois  .         Spirit   .     (helmet restricted)
rElec  .         Dismiss  .     (no cloak)
rCorr  .         Reflect  .     (no gloves)
SustAt .         Harm     .     (no boots)
MR     .....     NoTele   +     (no amulet)
Stlth  +.........               (no ring)
                                (no ring)

@: appendage (expiring), fainting, not resistant to hostile enchantments, very
unstealthy
A: unfitting armour, horns 2, cold-blooded, AC +5
a: End Transformation, Renounce Religion


You were in the Dungeon.
You worshipped Sif Muna.
Sif Muna was noncommittal.
You were fainting.
You had grown temporary horns.
You visited 1 branch

Inventory:

Missiles
 a - 12 arrows
Scrolls
 i - a scroll of blinking
 m - 3 scrolls of remove curse
 n - 5 scrolls of amnesia
 o - a scroll of summoning
Potions
 d - 6 potions of curing
 e - 3 potions of heal wounds
 f - a potion of haste
 g - 4 potions of magic
 h - 3 potions of berserk rage
 l - 2 potions of invisibility
Books
 b - a book of Changes

   Spells                             Type                      Level
   a - Beastly Appendage              Transmutation                1
   b - Sticks to Snakes               Transmutation                2
   c - Spider Form                    Transmutation/Poison         3
   d - Ice Form                       Ice/Transmutation            4
   e - Blade Hands                    Transmutation                5
Comestibles
 c - 8 bread rations
 j - 40 fruits
 k - 7 meat rations
 p - 4 chunks of flesh


   Skills:
 + Level 3.4 Fighting
 * Level 4.4 Dodging
 * Level 5.3 Unarmed Combat
 + Level 3.5 Spellcasting
 * Level 4.4 Transmutations
 + Level 2.5 Invocations


You had 9 spell levels left.
You knew the following spells:

 Your Spells              Type           Power        Failure   Level  Hunger
a - Beastly Appendage     Trmt           ##....       3%          1    #......


Dungeon Overview and Level Annotations

Branches:
Dungeon (1/1)

Altars:
Ashenzari
Cheibriados
Dithmenos
Elyvilon
Fedhas
Gozag
Kikubaaqudgha
Makhleb
Nemelex Xobeh
Okawaru
Pakellas
Qazlal
Ru
Sif Muna
Trog
Vehumet
Xom
Yredelemnul
Zin
The Shining One
Beogh
Jiyva
Lugonu


Innate Abilities, Weirdness & Mutations

Your plain brown scales are hard (AC +5).
Your body does not fit into most forms of armour.
You are cold-blooded and may be slowed by cold attacks.
You have a pair of horns on your head.


Message History

You barely miss the hungry ghost. Your headbutt misses the hungry ghost.
The hungry ghost is severely damaged.
The hungry ghost barely misses you.
Unknown command.
You hit the hungry ghost but do no damage.
You punch the hungry ghost.
The hungry ghost is severely damaged.
The hungry ghost hits you.
You feel slightly more hungry. The phantom hits you.
You barely miss the hungry ghost.
The hungry ghost is severely damaged.
The hungry ghost hits you.
You feel slightly more hungry. The phantom hits you.
* * * LOW HITPOINT WARNING * * *
You closely miss the hungry ghost. Your headbutt misses the hungry ghost.
The hungry ghost is severely damaged.
The hungry ghost closely misses you. The phantom misses you.
Unknown command.
Drink which item? (? for menu, Esc to quit)
You feel much better.
You have starved to death.
You die...

#_#####+##########
#_#)))+.+..##.....
#_#)))#.#?(##.....
#######+#####.....
#...........'.....
#'#####+#####.....
#.#....(#[[##.....
#W#.)...#))#####+#
#@###+###))##.....
#W#.....#))##.....
#W#.....#..##.....
#.####+##+###...<.
#.#.).)....##.....
#.#........##.....
#'###########.....
#...n...# ######
#.###...#


You could see 2 phantoms and a hungry ghost.

Vanquished Creatures
  A necrophage (D)
  A giant eyeball (D)
  An ufetubus (D)
  2 oozes (D)
  A giant cockroach (D)
  3 goblins (D)
  2 jackals (D)
  A kobold (D)
12 creatures vanquished.

Vanquished Creatures (others)
  An electric golem (D)
  A daeva (D)
  A green draconian (D)
  A deep elf demonologist (D)
  An ice dragon (D)
5 creatures vanquished.

Grand Total: 17 creatures vanquished

Notes
Turn   | Place    | Note
--------------------------------------------------------------
     0 | D        | Kidiri the Draconian Transmuter began the quest for the Orb.
     0 | D        | Reached XP level 1. HP: 16/16 MP: 3/3
     4 | D        | Killed a deep elf demonologist
     6 | D        | Killed an ice dragon
    12 | D        | Killed a green draconian
    16 | D        | Killed a daeva
    34 | D        | Killed an electric golem
    47 | D        | Found a sacrificial altar of Ru.
    47 | D        | Found a basalt altar of Yredelemnul.
    47 | D        | Found a shadowy altar of Dithmenos.
    47 | D        | Found a deep blue altar of Sif Muna.
    47 | D        | Found a burning altar of Makhleb.
    47 | D        | Found a shimmering altar of Xom.
    47 | D        | Found an ancient bone altar of Kikubaaqudgha.
    47 | D        | Found a sparkling altar of Nemelex Xobeh.
    48 | D        | Found a glowing golden altar of the Shining One.
    48 | D        | Found a bloodstained altar of Trog.
    48 | D        | Found a shattered altar of Ashenzari.
    48 | D        | Found a white marble altar of Elyvilon.
    48 | D        | Found a snail-covered altar of Cheibriados.
    48 | D        | Found a blossoming altar of Fedhas.
    48 | D        | Found a radiant altar of Vehumet.
    48 | D        | Found a glowing silver altar of Zin.
    48 | D        | Found a corrupted altar of Lugonu.
    48 | D        | Found a viscous altar of Jiyva.
    48 | D        | Found a roughly hewn altar of Beogh.
    48 | D        | Found an iron altar of Okawaru.
    49 | D        | Found an oddly glowing altar of Pakellas.
    66 | D        | Found a stormy altar of Qazlal.
    71 | D        | Found an opulent altar of Gozag.
    95 | D        | Became a worshipper of Sif Muna the Loreminder
   215 | D        | Reached XP level 2. HP: 22/24 MP: 3/5
   408 | D        | Paralysed by a giant eyeball for 2 turns
   410 | D        | Reached skill level 4 in Unarmed Combat
   413 | D        | Reached skill level 1 in Invocations
   492 | D        | Noticed a necrophage
   492 | D        | Noticed a phantom
   515 | D        | Killed a necrophage
   515 | D        | Reached skill level 5 in Unarmed Combat
   515 | D        | Reached XP level 3. HP: 18/29 MP: 5/7
   515 | D        | Reached XP level 4. HP: 22/36 MP: 6/9
   519 | D        | Noticed a hungry ghost
   534 | D        | HP: 1/36 [phantom (8)]
   536 | D        | Noticed a phantom
   559 | D        | Starved to death

Vault maps used:
D:        pitsprint

Action                   |  1- 3 |  4- 6 || total
-------------------------+-------+-------++-------
Melee: Unarmed           |    36 |    38 ||    74
 Cast: Beastly Appendage |     7 |     2 ||     9
  Use: Potion            |       |     3 ||     3
 Stab: Sleeping          |     1 |       ||     1
